 Dungeon Crawl Stone Soup version 0.27-a0-1219-g958d993ae5 (webtiles) character file.

Game seed: 4104917837027280456

6785 pokeman the Thaumaturge (level 10, -1/56 HPs)
             Began as a Deep Elf Hedge Wizard on June 6, 2021.
             Was a Follower of Vehumet.
             Slain by a troll (3 damage)
             ... on level 9 of the Dungeon.
             The game lasted 00:28:05 (12752 turns).

pokeman the Thaumaturge (Deep Elf Hedge Wizard)    Turns: 12752, Time: 00:28:06

Health: -1/56      AC: 19    Str: 13    XL:     10   Next: 76%
Magic:  12/29      EV: 12    Int: 26    God:    Vehumet [*.....]
Gold:   452        SH:  0    Dex: 14    Spells: 24/36 levels left

rFire    . . .     SeeInvis .   P - +7 pair of quick blades "Gyre" and "Gimble" {protect}
rCold    + . .     Faith    .   (shield currently unavailable)
rNeg     . . .     Spirit   .   Q - +3 leather armour {rPois}
rPois    +         Reflect  .   f - +2 helmet {Int+3}
rElec    .         Harm     .   O - +0 cloak
rCorr    .         Rampage  .   i - +1 pair of gloves
Will     +....                  (no boots)
Stlth    ++........             d - amulet of the acrobat
HPRegen  0.18/turn              p - +6 ring of strength
MPRegen  0.21/turn              r - ring of protection from cold

@: under a protective aura
A: no striking features
a: Renounce Religion


You were on level 9 of the Dungeon.
You worshipped Vehumet.
Vehumet was aware of your devotion.
You visited 2 branches of the dungeon, and saw 10 of its levels.

You collected 452 gold pieces.

Inventory:

Hand Weapons
 j - a +0 shortbow of freezing
 n - a +4 dagger of venom
 D - a +1 short sword of distortion
 N - a +3 quarterstaff of chaos
 P - the +7 pair of quick blades "Gyre" and "Gimble" (weapon) {protect}
   (You found it on level 7 of the Dungeon)

   It grants its wielder temporary protection when it strikes (+7 to AC).
Missiles
 g - 169 arrows
 y - 66 bolts
 L - 2 throwing nets
Armour
 a - a +1 buckler of protection
 f - a +2 helmet of intelligence (worn)
 i - a +1 pair of gloves (worn)
 O - a +0 cloak (worn)
 Q - a +3 leather armour of poison resistance (worn)
Magical Staves
 h - a staff of death
Jewellery
 d - an amulet of the acrobat (around neck)
 p - a +6 ring of strength (left hand)
 r - a ring of protection from cold (right hand)
 J - a ring of ice
 M - a ring of willpower
 S - a ring of flight
Wands
 t - a wand of digging (3)
 x - a wand of iceblast (8)
 E - a wand of polymorph (4)
 K - a wand of flame (23)
Scrolls
 b - 5 scrolls of amnesia {unknown}
 c - 6 scrolls of identify {unknown}
 e - 2 scrolls of noise {unknown}
 m - 6 scrolls of enchant armour {unknown}
 o - 2 scrolls of teleportation {unknown}
 s - 4 scrolls of vulnerability {unknown}
 u - a scroll of blinking {unknown}
 v - a scroll of immolation {unknown}
 C - a scroll of fog {unknown}
 G - a scroll of holy word {unknown}
 H - 2 scrolls of brand weapon {unknown}
 R - a scroll of fear {unknown}
Potions
 k - a potion of lignification {unknown}
 l - 5 potions of mutation {unknown}
 q - 3 potions of haste {unknown}
 w - a potion of curing {unknown}
 z - a potion of attraction {unknown}
 A - 3 potions of heal wounds {unknown}
 B - a potion of resistance {unknown}
 F - a potion of magic {unknown}
 I - a potion of degeneration {unknown}
 T - a potion of flight {unknown}


   Skills:
 - Level 3.0 Fighting
 + Level 2.6 Armour
 - Level 3.0 Dodging
 - Level 3.1 Stealth
 - Level 4.0 Shields
 * Level 13.7 Spellcasting
 + Level 8.2 Conjurations
 - Level 1.1 Summonings
 - Level 1.1 Translocations
 + Level 7.2 Fire Magic
 - Level 1.0 Air Magic
 - Level 1.0 Poison Magic
 - Level 1.2 Evocations


You had 24 spell levels left.
You knew the following spells:

 Your Spells              Type           Power      Damage    Failure   Level
a - Magic Dart            Conj           100%       1d8       1%          1
b - Mephitic Cloud        Conj/Pois/Air  35%        N/A       3%          3
c - Call Imp              Summ           23%        N/A       3%          2
d - Blink                 Tloc           N/A        N/A       3%          2
e - Conjure Flame         Conj/Fire      55%        6-21      1%          3
f - Apportation           Tloc           46%        N/A       2%          1

Your spell library contained the following spells:

 Spells                   Type           Power      Damage    Failure   Level
 Shock                    Conj/Air       100%       1d9       1%          1
 Summon Small Mammal      Summ           92%        N/A       2%          1
 Animate Skeleton         Necr           34%        N/A       4%          1
 Corona                   Hex            18%        N/A       4%          1
 Pain                     Necr           68%        1d7       4%          1
 Slow                     Hex            17%        N/A       6%          2
 Vampiric Draining        Necr           8%         2d7       12%         3
 Animate Dead             Necr           8%         N/A       36%         4
 Agony                    Necr           17%        N/A       73%         5


Dungeon Overview and Level Annotations

Branches:
Dungeon (9/15)             Temple (1/1) D:7             Orc (0/2) D:9
   Lair: D:8-11

Altars:
Cheibriados
Elyvilon
Fedhas
Gozag
Hepliaklqana
Kikubaaqudgha
Makhleb
Nemelex Xobeh
Okawaru
Ru
Sif Muna
Trog
Vehumet
Wu Jian
Xom
Yredelemnul
Zin

Annotations:
D:8 3 runed translucent doors, pokeman's ghost, novice DEWz


Message History

Unknown command.
You hit the orc warrior but do no damage.
You hit the orc warrior.
The orc warrior is engulfed in blazing flames.
The orc warrior barely misses you.
Unknown command.
Unknown command.
You barely miss the orc warrior. You hit the orc warrior.
The orc warrior is engulfed in blazing flames.
You kill the orc warrior!
Vehumet accepts your kill.
Unknown command.
Unknown command.
Casting: Mephitic Cloud (dangerous; 3% risk of failure)
Confirm with . or Enter, or press ? or * to list all spells.
Aiming: Mephitic Cloud (dangerous; 3% risk of failure)
Press: ? - help, Shift-Dir - straight line, f - troll
Aim: a troll (chance to affect: 67%)
The ball explodes into a vile cloud!
The stinking cloud engulfs the troll but does no damage.
The stinking cloud engulfs the orc warrior but does no damage.
The stinking cloud engulfs the orc but does no damage.
The troll is engulfed in noxious fumes.
The troll appears confused.
The troll chortles and stares into space.
Unknown command.
Unknown command.
Unknown command.
The troll is engulfed in noxious fumes.
The troll appears confused.
Unknown command.
The troll is engulfed in noxious fumes.
The troll laughs crazily.
Unknown command.
You hit the troll.
Your weapon exudes an aura of protection.
You puncture the troll!
The troll is engulfed in blazing flames.
The troll bites you.
* * * LOW HITPOINT WARNING * * *
The troll barely misses you. The troll claws you.
You die...

##.........##... #
####.........#. .
#..######. .#. #..##
##.#.#.# #####.#.# #
#.#.# .......##
#.#.#.# .......#
#.#.#.### ######.#
#....<..# #.#
###@#.#.# ### #.#
##T#.#.# ..# #.#
#○o#.#.# #.#
#.########o##.#.# #.#
#.##8.gO8#g##.#.#
#.####.##..gg)#g##)#.#
#......##..oo))O#...<#
#.#######..o..#)##...#
#.# #8.gK8#.###..#


You could see a troll (confused), an orc warrior, an ogre, a gnoll sergeant, a
gnoll and an orc.

Vanquished Creatures
  2 two-headed ogres (D:7)
  The ghost of jasper the Ruffian, a novice GrTm (D:5)
  Grinder (D:5)
  A spriggan (D:7)
  A wyvern (D:8)
  6 yaks (D:6)
  Duvessa (D:4)
  2 water moccasins
  7 orc warriors
  3 ice beasts
  2 sky beasts (D:7)
  A necrophage (D:7)
  A black bear (D:8)
  4 ogres
  3 centaurs
  A phantom (D:6)
  A kobold brigand (D:9)
  2 bullfrogs
  Dowan (D:4)
  2 gnoll sergeants (D:9)
  A wyvern zombie (D:8)
  5 scorpions
  5 killer bees (D:9)
  4 wights (D:9)
  3 howler monkeys (D:7)
  2 centaur zombies (D:8)
  A jelly (D:5)
  2 hounds
  5 orc priests
  Crazy Yiuf (D:7)
  An orc wizard (D:7)
  An iguana (D:4)
  A killer bee zombie (D:9)
  4 hound skeletons
  3 gnolls (D:9)
  11 adders
  A white imp (D:6)
  3 dart slugs
  23 orcs
  6 bats
  7 endoplasms
  A giant cockroach (D:1)
  2 goblins (D:2)
  4 hobgoblins
  9 jackals
  7 ball pythons
  2 frilled lizards
  14 kobolds
  6 rats
178 creatures vanquished.

Vanquished Creatures (collateral kills)
  A wight (D:9)
  4 kobolds (D:5)
5 creatures vanquished.

Vanquished Creatures (others)
  A kobold (D:5)
  2 plants (D:8)
3 creatures vanquished.

Grand Total: 186 creatures vanquished

Notes
Turn   | Place    | Note
-------+----------+-------------------------------------------
     0 | D:1      | pokeman the Deep Elf Hedge Wizard began the quest for the
                  | Orb.
     0 | D:1      | Reached XP level 1. HP: 10/10 MP: 7/7
   533 | D:1      | Reached XP level 2. HP: 15/15 MP: 5/9
  1162 | D:2      | Found a faded altar of an unknown god.
  1238 | D:2      | Reached skill level 5 in Spellcasting
  1506 | D:2      | Reached XP level 3. HP: 20/20 MP: 6/11
  1510 | D:2      | Learned a level 3 spell: Mephitic Cloud
  1513 | D:2      | Learned a level 2 spell: Call Imp
  1516 | D:2      | Learned a level 2 spell: Blink
  1520 | D:2      | Learned a level 3 spell: Conjure Flame
  1600 | D:2      | Reached skill level 1 in Fighting
  1600 | D:2      | Reached skill level 1 in Armour
  1759 | D:2      | Found a white marble altar of Elyvilon.
  2041 | D:2      | Reached XP level 4. HP: 25/25 MP: 7/13
  2449 | D:3      | Found a bloodstained altar of Trog.
  2967 | D:3      | Found a hazy altar of Hepliaklqana.
  2968 | D:3      | Found a white marble altar of Elyvilon.
  2969 | D:3      | Found an opulent altar of Gozag.
  3601 | D:4      | Reached skill level 6 in Spellcasting
  3601 | D:4      | Reached XP level 5. HP: 9/29 MP: 3/15
  3603 | D:4      | Reached skill level 1 in Shields
  4072 | D:4      | Noticed an ogre
  4082 | D:4      | Killed an ogre
  4083 | D:4      | Reached skill level 1 in Evocations
  4083 | D:4      | Reached XP level 6. HP: 34/34 MP: 3/17
  4297 | D:4      | Noticed Duvessa
  4298 | D:4      | Noticed Dowan
  4318 | D:4      | Killed Duvessa
  4319 | D:4      | Reached skill level 7 in Spellcasting
  4319 | D:4      | Reached skill level 1 in Fire Magic
  4319 | D:4      | Reached skill level 1 in Air Magic
  4323 | D:4      | Killed Dowan
  4464 | D:4      | Learned a level 1 spell: Apportation
  4891 | D:5      | Entered Level 5 of the Dungeon
  4891 | D:5      | Found a runed translucent gate.
  4891 | D:5      | Found a runed translucent gate.
  4891 | D:5      | Found a runed translucent gate.
  4895 | D:5      | Noticed jasper's ghost (novice GrTm)
  4962 | D:5      | Reached skill level 1 in Poison Magic
  4962 | D:5      | Reached XP level 7. HP: 30/38 MP: 16/20
  4990 | D:5      | Reached skill level 8 in Spellcasting
  4991 | D:5      | Noticed Grinder
  5750 | D:5      | Reached XP level 8. HP: 42/44 MP: 18/22
  6000 | D:5      | Paralysed by Grinder for 4 turns
  6037 | D:5      | Killed Grinder
  6038 | D:5      | Reached skill level 9 in Spellcasting
  6358 | D:5      | Killed jasper's ghost
  6359 | D:5      | Reached skill level 5 in Conjurations
  6825 | D:6      | Reached skill level 10 in Spellcasting
  6830 | D:6      | Reached XP level 9. HP: 48/48 MP: 14/25
  6844 | D:6      | Reached skill level 11 in Spellcasting
  7131 | D:6      | Reached skill level 5 in Fire Magic
  7223 | D:6      | Found an ancient bone altar of Kikubaaqudgha.
  7674 | D:7      | Found a sacrificial altar of Ru.
  8316 | D:7      | Found a staircase to the Ecumenical Temple.
  8336 | D:7      | Reached skill level 12 in Spellcasting
  8341 | Temple   | Entered the Ecumenical Temple
  8577 | Temple   | Became a worshipper of Vehumet
  8919 | D:7      | You fall into a shaft and drop 1 floor!
  9471 | D:8      | Reached XP level 10. HP: 37/53 MP: 25/28
  9790 | D:7      | Found a runed translucent door.
  9791 | D:7      | Noticed Crazy Yiuf
  9803 | D:7      | Killed Crazy Yiuf
  9887 | D:7      | Noticed a two-headed ogre
  9887 | D:7      | Noticed a two-headed ogre
  9898 | D:7      | Killed a two-headed ogre
  9900 | D:7      | Killed a two-headed ogre
  9901 | D:7      | Reached skill level 13 in Spellcasting
 10158 | D:7      | Found the +7 pair of quick blades "Gyre" and "Gimble"
                  | {protect}
 10830 | D:8      | Found a runed translucent gate.
 10830 | D:8      | Found a runed translucent gate.
 10832 | D:8      | Found a runed translucent gate.
 10832 | D:8      | Noticed pokeman's ghost (novice DEWz)
 10832 | D:8      | Noticed a ten-headed hydra
 10976 | D:8      | Noticed a boulder beetle
 12270 | D:9      | Found a sparkling altar of Nemelex Xobeh.
 12706 | D:9      | Found a staircase to the Orcish Mines.
 12742 | D:9      | Reached * piety under Vehumet
 12742 | D:9      | Offered knowledge of Shock by Vehumet.
 12752 | D:9      | HP: 2/56 [troll (6)]
 12752 | D:9      | Slain by a troll

Illustrated notes

Levels and vault maps discovered:
D:1:      dpeg_arrival_concentric_ovals, layout_loops_ring,
          grunt_decor_mini_mirrors
D:2:      kennysheep_six_static_rooms, layout_loops_corners, basic_altar,
          basic_ecumenical_altar
D:3:      layout_loops_ring, amcnicky_altar_gilded,
          gammafunk_temple_overflow_claw, hex_tiny
D:4:      layout_basic, uniq_duvessa
D:5:      layout_rooms, gammafunk_ghost_nasty_kobolds, uniq_grinder
D:6:      layout_loops_ring, lemuel_crystal_altar
D:7:      layout_basic, old_standard_altar, minmay_temple_entry_statues_pillars,
          hellmonk_guarded_unrand_gyre_and_gimble, uniq_crazy_yiuf_cottage
D:8:      layout_basic, gammafunk_ghost_hydra_chop
D:9:      layout_loops_ring, overflow_temple_1_default,
          kennysheep_orc_monster_closet_entryway
Temple:   nicolae_temple_figure_eight

Skill      XL: |  1  2  3  4  5  6  7  8  9 10 |
---------------+-------------------------------+-----
Spellcasting   | 5 6 7 8 10 12 13 | 13.7
Fighting       | 1 2 3 |  3.0
Armour         | 1 2 |  2.6
Conjurations   | 2 3 4 5 7 8 |  8.2
Dodging        | 3 |  3.0
Shields        | 1 2 3 4 |  4.0
Stealth        | 3 |  3.1
Evocations     | 1 |  1.2
Fire Magic     | 1 2 4 6 7 |  7.2
Air Magic      | 1 |  1.0
Poison Magic   | 1 |  1.0
Summonings     | |  1.1
Translocations | |  1.1

Action                   |  1- 3 |  4- 6 |  7- 9 | 10-12 || total
-------------------------+-------+-------+-------+-------++-------
Melee: Dagger            |     2 |    21 |    70 |    10 ||   103
       Short sword       |     8 |       |       |       ||     8
       Pair of quick bla |       |       |       |    79 ||    79
 Cast: Magic Dart        |    91 |    78 |   200 |    21 ||   390
       Mephitic Cloud    |       |     7 |    14 |    31 ||    52
       Conjure Flame     |       |     3 |    28 |    30 ||    61
       Call Imp          |       |       |    11 |    10 ||    21
       Blink             |       |       |       |     9 ||     9
 Stab: Confused          |       |     4 |     3 |    15 ||    22
Armor: Robe              |    10 |       |       |       ||    10
       Leather armour    |     1 |    11 |    23 |    17 ||    52
Dodge: Dodged            |    20 |    13 |    64 |    48 ||   145

Table legend: (Time is in decaauts)
 A = Elapsed time spent in this place.
 B = Non-inter-level travel time spent in this place.
 C = Inter-level travel time spent in this place.
 D = Time resting spent in this place.
 E = Time spent auto-exploring this place.
 F = Levels seen in this place.
 G = Mean time per level.
                   A        B        C        D        E       F      G
               +--------+--------+--------+--------+--------+-----+--------+
         Total |  12740 |  12178 |    562 |   1154 |   9210 |  10 | 1274.0 |
       Dungeon |  12483 |  11940 |    543 |   1154 |   8979 |   9 | 1387.0 |
        Temple |    256 |    237 |     19 |      0 |    231 |   1 |  256.0 |
               +--------+--------+--------+--------+--------+-----+--------+

Top non-repeatable levels by time:
     D:7: 2214 daAuts
     D:8: 2011 daAuts
     D:4: 1869 daAuts
     D:2: 1372 daAuts
     D:5: 1277 daAuts
     D:6: 1092 daAuts
     D:1: 1076 daAuts
     D:3: 975 daAuts
     D:9: 593 daAuts
  Temple: 256 daAuts
